 Dungeon Crawl Stone Soup version 0.21.0-3-g78d12a8 (webtiles) character file.

198 Faca the Shooter (level 5, -1/45 HPs)
             Began as a Centaur Hunter on Jan 12, 2018.
             Slain by Crazy Yiuf
             ... wielding a +4 quarterstaff of chaos
              (3 damage)
             ... on level 2 of the Dungeon.
             The game lasted 00:05:15 (2248 turns).

Faca the Shooter (Centaur Hunter)                   Turns: 2248, Time: 00:05:15

Health: -1/45      AC:  9    Str: 14    XL:     5   Next: 47%
Magic:  5/5        EV:  1    Int: 10    God:
Gold:   133        SH:  0    Dex: 11    Spells: 4/4 levels left

rFire    . . .     SeeInvis .   m - +1 spear
rCold    . . .     Gourm    .   (no shield)
rNeg     + + +     Faith    .   p - +0 ring mail
rPois    ∞         Spirit   .   c - +0 helmet
rElec    .         Reflect  .   b - +0 cloak
rCorr    .         Harm     .   e - +0 pair of gloves
MR       .....                  (no barding)
Stlth    ..........             t - amulet of regeneration
HPRegen  0.55/turn              (no ring)
MPRegen  0.09/turn              (no ring)

@: lethally poisoned (-1 -> -1), about to teleport, petrified, very quick
A: large, hooves 3, deformed body, speed 2, tough skin 3
a: no special abilities


You were on level 2 of the Dungeon.
You were not hungry.

You visited 1 branch of the dungeon, and saw 2 of its levels.

You collected 133 gold pieces.

Inventory:

Hand Weapons
 a - a +1 shortbow
 m - a +1 spear (weapon)
Missiles
 d - 99 arrows
Armour
 b - a +0 cloak (worn)
 c - a +0 helmet (worn)
 e - a +0 pair of gloves (worn)
 p - a +0 ring mail (worn)
Jewellery
 t - an amulet of regeneration (around neck)
Wands
 i - a wand of digging (11)
Scrolls
 g - a scroll of enchant weapon
 h - a scroll of remove curse
 q - a scroll of random uselessness {unknown}
 r - a scroll of fog
Potions
 j - a potion of curing
 k - a potion of ambrosia {unknown}
 l - 2 potions of haste
 n - a potion of mutation {unknown}
 o - a potion of degeneration {unknown}
 s - a potion of cancellation {unknown}
Comestibles
 f - 4 rations


   Skills:
 + Level 3.3 Fighting
 + Level 1.7 Polearms
 + Level 6.5 Bows
 + Level 1.9 Armour
 - Level 1.3 Dodging
 - Level 0.4 Stealth


You had 4 spell levels left.
You didn't know any spells.

Dungeon Overview and Level Annotations

Branches:
Dungeon (2/15)

Altars:

Annotations:
D:2 Crazy Yiuf


Innate Abilities, Weirdness & Mutations

You have hooves in place of feet.
Armour fits poorly on your strangely shaped body.
You cover ground very quickly.
You have extremely tough skin. (AC +3)


Message History

Crazy Yiuf barely misses you. x2; You have turned to stone.
Crazy Yiuf hits you but does no damage.
You are electrocuted!
Crazy Yiuf completely misses you.
Crazy Yiuf laughs, "Candle turtle tortoise!"
Crazy Yiuf hits you with a quarterstaff of chaos.
* * * LOW HITPOINT WARNING * * *
Crazy Yiuf freezes you.
* * * LOW HITPOINT WARNING * * *
Crazy Yiuf hits you but does no damage.
Crazy Yiuf hits you with a quarterstaff of chaos!
* * * LOW HITPOINT WARNING * * *
You feel strangely unstable.
Crazy Yiuf hits you with a quarterstaff of chaos.
* * * LOW HITPOINT WARNING * * *
Crazy Yiuf freezes you.
* * * LOW HITPOINT WARNING * * *
Crazy Yiuf hits you with a quarterstaff of chaos!
* * * LOW HITPOINT WARNING * * *
Crazy Yiuf hits you with a quarterstaff of chaos!
You die...

#........#
#....# #.(.
#........##
##..##
##...
#.........#
♣..PP♣
#....
########..#
♣♣.P)♣
#####...
#..# ♣♣)♣♣
#.......
#..# ♣♣.♣
#.....##
#..# ♣)♣♣
#.....#
#..# ♣♣)♣
#.....##
#..# ♣@♣♣
######÷.
#..# #g#
#.. ####
.). #..
#.))# #..
#).)# #..
##### #..
#####..
#......
#......


You could see Crazy Yiuf.

Vanquished Creatures
  Jessica (D:2)
  Natasha (thrice) (D:2)
  Robin (D:2)
  2 gnolls (D:2)
  An ooze (D:1)
  4 dart slugs
  A leopard gecko (D:2)
  A ball python (D:2)
  A giant cockroach (D:2)
  11 goblins
  9 hobgoblins
  3 jackals
  4 kobolds (D:1)
  A quokka (D:2)
  4 bats (D:1)
  4 frilled lizards (D:2)
  5 rats
56 creatures vanquished.

Notes
Turn   | Place    | Note
-------+----------+-------------------------------------------
     0 | D:1      | Faca the Centaur Hunter began the quest for the Orb.
     0 | D:1      | Reached XP level 1. HP: 17/17 MP: 1/1
   140 | D:1      | Reached XP level 2. HP: 20/24 MP: 2/2
   660 | D:1      | Reached skill level 1 in Armour
   660 | D:1      | Reached XP level 3. HP: 30/30 MP: 3/3
  1081 | D:2      | Noticed Robin
  1106 | D:2      | Killed Robin
  1360 | D:2      | Noticed Natasha
  1378 | D:2      | Killed Natasha
  1378 | D:2      | Reached skill level 1 in Polearms
  1378 | D:2      | Reached skill level 6 in Bows
  1378 | D:2      | Reached XP level 4. HP: 14/37 MP: 4/4
  1528 | D:2      | Noticed Natasha
  1542 | D:2      | Killed Natasha
  1686 | D:2      | Noticed Jessica
  1702 | D:2      | Killed Jessica
  1757 | D:2      | Found a runed door.
  1828 | D:2      | Noticed Natasha
  1837 | D:2      | Killed Natasha
  1837 | D:2      | Reached XP level 5. HP: 42/45 MP: 5/5
  2232 | D:2      | Noticed Crazy Yiuf
  2247 | D:2      | HP: 2/45 [Crazy Yiuf/quarterstaff of chaos (4)]
  2248 | D:2      | Slain by Crazy Yiuf

Skill      XL: |  1  2  3  4 |
---------------+-------------+-----
Armour         | 1 |  1.9
Polearms       | 1 |  1.7
Bows           | 6 |  6.5
Fighting       | 3 |  3.3
Dodging        | |  1.3
Stealth        | |  0.4

Action                   |  1- 3 |  4- 6 || total
-------------------------+-------+-------++-------
Melee: Short sword       |    40 |       ||    40
       Kick              |    18 |    12 ||    30
       Spear             |    50 |    75 ||   125
       Whip              |     2 |       ||     2
  Use: Scroll            |     7 |       ||     7
       Potion            |     1 |       ||     1
  Eat: Chunk             |     1 |       ||     1
       Ration            |       |     1 ||     1
Armor: Leather armour    |    21 |       ||    21
       Ring mail         |    13 |    19 ||    32
Dodge: Dodged            |    39 |    22 ||    61
